 Dungeon Crawl Stone Soup version 0.28-a0-479-g5baa6b73be (webtiles) character file.

Game seed: 18418049296733036431

35 Shayle the Grasshopper (level 3, -4/36 HPs)
             Began as an Ogre Warper on Sept 19, 2021.
             Slain by an ogre (23 damage)
             ... on level 2 of the Dungeon.
             The game lasted 00:04:01 (1643 turns).

Shayle the Grasshopper (Ogre Warper)                Turns: 1643, Time: 00:04:01

Health: -4/36      AC:  3    Str: 15    XL:     3   Next: 33%
Magic:  7/7        EV: 10    Int: 15    God:
Gold:   68         SH:  0    Dex:  8    Spells: 0/7 levels left

rFire   . . .      SeeInvis .   a - +0 spear
rCold   . . .      Faith    .   (no shield)
rNeg    . . .      Spirit   .   b - +0 robe
rPois   .          Reflect  .   (helmet restricted)
rElec   .          Harm     .   (no cloak)
rCorr   .          Rampage  .   (gloves unavailable)
Will    .....                   (boots unavailable)
Stlth   +.........              (no amulet)
HPRegen 0.12/turn               (no ring)
MPRegen 0.10/turn               (no ring)

@: no status effects
A: large, unfitting armour, tough skin 1
a: no special abilities


You were on level 2 of the Dungeon.
You visited 1 branch of the dungeon, and saw 2 of its levels.

You collected 68 gold pieces.

Inventory:

Hand Weapons
 a - a +0 spear (weapon)
Armour
 b - a +0 robe (worn)
Scrolls
 c - a scroll of blinking
 g - a scroll of teleportation {unknown}
 h - a scroll of magic mapping {unknown}
 i - a scroll of enchant armour {unknown}
 j - a scroll of vulnerability {unknown}
Potions
 e - a potion of cancellation {unknown}
 f - a potion of curing {unknown}
 k - a potion of brilliance {unknown}


   Skills:
 + Level 2.9 Fighting
 + Level 2.5 Polearms
 - Level 1.0 Throwing
 - Level 2.3 Dodging
 + Level 2.6 Spellcasting
 - Level 3.0 Translocations
 + Level 0.1 Air Magic
 + Level 0.2 Poison Magic


You couldn't memorise any spells.
You knew the following spells:

 Your Spells              Type           Power      Damage    Failure   Level
a - Blink                 Tloc           N/A        N/A       9%          2
b - Teleport Other        Tloc           11%        N/A       17%         3
c - Poisonous Vapours     Pois/Air       4%         N/A       28%         2

Your spell library contained the following spells:

 Spells                   Type           Power      Damage    Failure   Level
 Gell's Gravitas          Tloc           5%         N/A       17%         3
 Lesser Beckoning         Tloc           11%        N/A       17%         3
 Corpse Rot               Necr/Air       N/A        N/A       30%         2
 Manifold Assault         Tloc           11%        N/A       85%         5


Dungeon Overview and Level Annotations

Branches:
Dungeon (2/15)

Altars:


Innate Abilities, Weirdness & Mutations

You are too large for most types of armour.
You have tough skin. (AC +1)


Message History

Aim: an ogre, wielding a +0 giant spiked club (71% to hit)
You throw a boomerang of dispersal.
The boomerang of dispersal hits the ogre.
The ogre blinks!
The ogre is moderately wounded.
Throw: 3 boomerangs (disperse)
Press: ? - help, Q - select action, (/) - cycle Shift-Dir - straight line, f/p - ogre
Aim: an ogre, wielding a +0 giant spiked club (moderately wounded, 71% to hit)
You throw a boomerang of dispersal.
The boomerang of dispersal hits the ogre but does no damage.
The ogre is moderately wounded.
Throw: 2 boomerangs (disperse)
Press: ? - help, Q - select action, (/) - cycle Shift-Dir - straight line, f/p - ogre
Aim: an ogre, wielding a +0 giant spiked club (moderately wounded, 71% to hit)
You throw a boomerang of dispersal.
The boomerang of dispersal hits the ogre.
The ogre blinks!
The ogre is heavily wounded.
Throw: boomerang (disperse)
Press: ? - help, Q - select action, (/) - cycle Shift-Dir - straight line, f/p - ogre
Aim: an ogre, wielding a +0 giant spiked club (heavily wounded, 71% to hit)
You throw a boomerang of dispersal.
The boomerang of dispersal hits the ogre but does no damage.
The ogre is heavily wounded.
You hit the ogre.
The ogre is heavily wounded.
The ogre closely misses you.
You hit the ogre.
The ogre is severely wounded.
The ogre hits you with a +0 giant spiked club!
You hit the ogre.
The ogre is almost dead.
The ogre hits you with a +0 giant spiked club.
You hit the ogre but do no damage.
The ogre is almost dead.
You barely miss the ogre.
The ogre is almost dead.
The ogre hits you with a +0 giant spiked club!!
Ouch! That really hurt!
You die...

#.(#≈..≈.≈.......#######.#
###.≈≈.....≈≈...≈.##
###.###
##≈≈≈≈≈≈≈≈≈≈≈.≈≈≈≈≈≈≈
#......
#≈≈≈≈≈≈≈≈≈≈≈≈≈≈≈≈≈≈≈
##......
#≈##.......≈≈≈.≈...##
#.......
#......≈...≈.≈#..#
#....... #.#.≈..........#
#.###### #.##.#...#O..#.#
# #.#.....
#.##.#.###@....#
#.#.#.####
#.#........##### #...#.#
#.#..##.##.# ##....#
#.#..#...#.# #.##.#
#.#..#...#.# #. ..#
#.#..#)..#.# #. ###
#.#......... #. ##.......#
## ......###


You could see an ogre.

Vanquished Creatures
  2 dart slugs (D:1)
  2 bats
  2 endoplasms
  A giant cockroach (D:1)
  A goblin (D:1)
  5 hobgoblins
  2 jackals (D:1)
  3 kobolds (D:1)
  2 quokkas (D:1)
  2 ball pythons (D:1)
  2 frilled lizards (D:1)
  2 rats (D:1)
26 creatures vanquished.

Notes
Turn   | Place    | Note
-------+----------+-------------------------------------------
     0 | D:1      | Shayle the Ogre Warper began the quest for the Orb.
     0 | D:1      | Reached XP level 1. HP: 22/22 MP: 3/3
   163 | D:1      | Reached XP level 2. HP: 29/29 MP: 3/5
   355 | D:1      | Reached skill level 3 in Translocations
   804 | D:1      | Reached XP level 3. HP: 36/36 MP: 6/6
   816 | D:1      | Learned a level 2 spell: Blink
   820 | D:1      | Learned a level 3 spell: Teleport Other
   823 | D:1      | Learned a level 2 spell: Poisonous Vapours
  1633 | D:2      | Noticed an ogre
  1643 | D:2      | Slain by an ogre

Illustrated notes

Levels and vault maps discovered:
D:1:      lightli_arrival_quake, layout_rooms, nrook_mini_backslash
D:2:      layout_basic, chequers_serial_rivers_small_3

Skill      XL: |  1  2 |
---------------+-------+-----
Translocations | 3 |  3.0
Fighting       | |  2.9
Polearms       | |  2.5
Throwing       | |  1.0
Dodging        | |  2.3
Spellcasting   | |  2.6
Air Magic      | |  0.1
Poison Magic   | |  0.2

Action                   || total
-------------------------++-------
Melee: Spear             ||   125
Throw: Boomerang         ||     5
 Cast: Blink             ||     1
Armor: Robe              ||    27
Dodge: Dodged            ||    50

Table legend: (Time is in decaauts)
 A = Elapsed time spent in this place.
 B = Non-inter-level travel time spent in this place.
 C = Inter-level travel time spent in this place.
 D = Time resting spent in this place.
 E = Time spent auto-exploring this place.
 F = Levels seen in this place.
 G = Mean time per level.
                   A        B        C        D        E       F      G
               +--------+--------+--------+--------+--------+-----+--------+
         Total |   1644 |   1603 |     41 |    216 |   1057 |   2 |  822.0 |
       Dungeon |   1644 |   1603 |     41 |    216 |   1057 |   2 |  822.0 |
               +--------+--------+--------+--------+--------+-----+--------+

Top non-repeatable levels by time:
     D:1: 1468 daAuts
     D:2: 176 daAuts
